AoeStats
← Im Noob

African Clearing

510313302Analyzed
4v4 RM · 22h ago on Sep 30, 2026· 74m 23s· 8 players
Game mode
Random Map
Map size
Large (8 player)
Population
200
Speed
Normal
Resources
Standard
Victory
Conquest
Starting age
Dark Age
Ending age
Imperial Age
RankedLock teamsTeams togetherTeam positionsShared explorationLock speedFull tech treeHidden civsTurbo modeCheats
Victory
Defeat
🇨🇳 Italians · China
1044
+15
🇹🇼 Japanese · Taiwan
1024
+16
🇹🇷 Mongols · Türkiye
1007
+16
🇨🇳 Poles · China
986
+17
🇨🇳 Berbers · China
1211
-24
1000
-15
🇨🇳 Byzantines · China
970
-14
🇨🇳 Mongols · China
893
-11
Superfarmer
8:29 Loom
11:52 Feudal Age
14:09 Double-Bit Axe
14:56 Fletching
21:25 Castle Age
19:19 Horse Collar
25:02 Wheelbarrow
28:36 Bow Saw
30:38 Stone Mining
31:26 Heavy Plow
33:08 Town Watch
32:49 Pikeman
35:38 Bodkin Arrow
37:01 Ballistics
36:21 Treadmill Crane
36:08 Elite Skirmisher
36:51 Padded Archer Armor
37:47 Gold Mining
38:14 Hand Cart
42:21 Imperial Age
40:52 Scale Mail Armor
41:08 Leather Archer Armor
41:30 Thumb Ring
41:58 Squires
42:16 Chain Mail Armor
44:15 Conscription
43:20 Halberdier
47:28 Fishing Lines
50:46 Gillnets
54:44 Gambesons
54:44 Arson
60:40 Plate Mail Armor
71:16 Coinage
71:20 Forging
72:44 Iron Casting
72:48 Banking
74:26 Blast Furnace
Im Noob
10:09 Loom
14:25 Feudal Age
18:21 Castle Age
18:05 Double-Bit Axe
18:03 Horse Collar
27:47 Wheelbarrow
28:53 Hand Cart
31:46 Bow Saw
36:00 Imperial Age
33:44 Heavy Plow
34:13 Stone Mining
34:14 Gold Mining
36:04 Stone Shaft Mining
35:52 Ballistics
35:13 Treadmill Crane
35:29 Murder Holes
35:45 Fortified Wall
36:17 Padded Archer Armor
36:08 Fletching
36:19 Scale Mail Armor
36:05 Elite Genoese Crossbowman
37:24 Conscription
38:16 Chemistry
39:08 Leather Archer Armor
38:50 Bodkin Arrow
39:11 Chain Mail Armor
41:24 Guilds
62:50 Ring Archer Armor
63:00 Bracer
65:28 Plate Mail Armor
赢嘤嘤嘤嘤因
14:27 Feudal Age
19:03 Double-Bit Axe
21:32 Castle Age
20:04 Horse Collar
21:11 Wheelbarrow
24:03 Bow Saw
35:24 Hand Cart
38:31 Imperial Age
37:15 Gold Mining
37:16 Stone Mining
37:38 Scale Barding Armor
37:46 Loom
37:47 Town Watch
38:45 Szlachta Privileges
38:58 Heavy Plow
39:28 Chain Barding Armor
39:10 Padded Archer Armor
39:22 Forging
39:51 Lechitic Legacy
40:12 Stone Shaft Mining
40:20 Bloodlines
40:11 Husbandry
39:32 Cavalier
39:33 Light Cavalry
41:37 Crop Rotation
40:38 Winged Hussar
45:10 Leather Archer Armor
45:31 Iron Casting
44:49 Fletching
74:13 Blast Furnace
Mystic Boy
11:11 Loom
14:20 Feudal Age
18:38 Castle Age
17:18 Double-Bit Axe
17:27 Stone Mining
18:40 Horse Collar
19:49 Bow Saw
23:31 Wheelbarrow
23:35 Fletching
26:14 Gold Mining
27:49 Heavy Plow
28:37 Gold Shaft Mining
28:09 Bodkin Arrow
30:25 Padded Archer Armor
30:38 Bloodlines
30:29 Husbandry
31:15 Husbandry
31:44 Leather Archer Armor
31:53 Ballistics
33:12 Hand Cart
38:10 Imperial Age
35:27 Town Watch
38:02 Thumb Ring
37:19 Light Cavalry
38:08 Scale Barding Armor
38:46 Nomads
39:30 Parthian Tactics
39:08 Bracer
40:49 Chemistry
43:58 Elite Mangudai
45:27 Elite Skirmisher
46:41 Chain Barding Armor
46:38 Masonry
49:09 Forging
49:53 Hussar
56:05 Iron Casting
55:41 Siege Engineers
56:23 Heavy Scorpion
63:59 Hoardings
65:05 Blast Furnace
65:43 Conscription
kiyohime
3:52 Loom
16:35 Feudal Age
17:53 Wheelbarrow
17:30 Double-Bit Axe
22:00 Castle Age
21:07 Stone Mining
21:07 Gold Mining
22:01 Horse Collar
23:04 Bow Saw
26:17 Heavy Plow
28:59 Hand Cart
31:40 Treadmill Crane
32:48 Gold Shaft Mining
32:48 Stone Shaft Mining
36:37 Imperial Age
34:49 Scale Barding Armor
34:55 Forging
34:48 Husbandry
36:05 Chain Barding Armor
36:06 Fletching
36:44 Ballistics
37:29 Iron Casting
36:50 Bodkin Arrow
37:41 Conscription
38:11 Crop Rotation
38:45 Two-Man Saw
38:08 Guilds
37:23 Elite Cataphract
38:43 Plate Barding Armor
39:14 Logistica
39:09 Bracer
40:58 Chemistry
67:57 Scale Mail Armor
67:57 Padded Archer Armor
Da-dada
4:13 Loom
13:05 Feudal Age
14:21 Double-Bit Axe
19:49 Castle Age
20:17 Bloodlines
21:23 Husbandry
21:12 Horse Collar
23:21 Bow Saw
25:24 Wheelbarrow
25:00 Fletching
27:34 Ballistics
28:20 Padded Archer Armor
30:12 Leather Archer Armor
30:09 Treadmill Crane
32:01 Murder Holes
32:43 Kasbah
32:50 Gold Mining
37:18 Imperial Age
36:34 Forging
36:29 Scale Barding Armor
36:46 Thumb Ring
37:08 Stone Mining
37:41 Hand Cart
38:10 Bodkin Arrow
38:51 Iron Casting
38:36 Chain Barding Armor
39:09 Heavy Plow
39:11 Bracer
39:42 Ring Archer Armor
40:15 Chemistry
39:50 Conscription
40:09 Maghrebi Camels
40:19 Heavy Camel Rider
41:34 Crop Rotation
42:47 Elite Camel Archer
45:52 Elite Genitour
48:40 Blast Furnace
48:16 Plate Barding Armor
52:50 Light Cavalry
55:27 Hussar
56:46 Hoardings
56:51 Siege Engineers
蒙式战车
11:58 Loom
18:27 Feudal Age
23:34 Castle Age
34:49 Imperial Age
34:11 Padded Archer Armor
34:48 Fletching
36:40 Leather Archer Armor
37:40 Capped Ram
40:59 Bodkin Arrow
45:46 Elite Mangudai
49:41 Siege Ram
50:49 Drill
64:06 Heavy Scorpion
66:43 Pikeman
唐尚书右丞王维
3:04 Loom
13:32 Feudal Age
18:02 Castle Age
15:54 Double-Bit Axe
17:01 Scale Barding Armor
19:38 Forging
18:54 Light Cavalry
20:31 Bloodlines
20:28 Gold Mining
21:14 Husbandry
34:07 Chain Barding Armor
34:45 Horse Collar
37:12 Wheelbarrow
37:24 Ballistics
40:42 Imperial Age
38:38 Thumb Ring
39:28 Fletching
39:39 Padded Archer Armor
40:20 Bodkin Arrow
42:12 Bracer
43:40 Leather Archer Armor
44:55 Elite Skirmisher
46:54 Elite Skirmisher
49:14 Chemistry
47:54 Imperial Skirmisher
49:46 Hand Cart
49:41 Pikeman
51:09 Squires
51:11 Scale Mail Armor
51:33 Halberdier
55:21 Chain Mail Armor
58:11 Plate Mail Armor
64:27 Bow Saw
Connection lost

Rejoining the realm…

Still unreachable

The connection could not be restored.

Session expired

The server has moved on; the page needs a fresh start.